 Dungeon Crawl Stone Soup version 0.30-a0-718-geaa24f58ff (webtiles) character file.

Game seed: 4533842425102117618

8899 Crownlay the Thaumaturge (level 11, 0/78 HPs)
             Began as a Djinni Fire Elementalist on Jan 25, 2023.
             Was an Initiate of Gozag.
             Slain by a skeletal warrior
             ... wielding a +0 hand axe of flaming
              (22 damage)
             ... on level 9 of the Dungeon.
             The game lasted 00:19:38 (7605 turns).

Crownlay the Thaumaturge (Djinni Fire Elementalist) Turns: 7605, Time: 00:19:38

Health: 0/78       AC:  6    Str: 11    XL:     11   Next: 64%
Gold:   1979       EV: 15    Int: 22    God:    Gozag SH:  0 Dex: 18

rFire   + + .      SeeInvis .    s - +2 long sword "Lawk" {vamp, Drain Str+4 Dex+5}
rCold   x . .      Faith    .    (no shield)
rNeg    . . .      Spirit   .    D - +1 leather armour "Zeshiedura" {+Blink rElec Regen+ MP+9}
rPois   ∞          Reflect  .    p - +1 hat
rElec   +          Harm     .    e - scarf {shadows}
rCorr   .          Rampage  .    v - +0 pair of gloves
Will    +....                    (boots unavailable)
Stlth   ++                       n - amulet of regeneration
HPRegen 1.93/turn                (no ring)
MPRegen 0.00/turn                (no ring)

@: flying
A: sickness immunity, fire resistance 2, cold vulnerability 1, float, innate
caster, HP casting, extra vitality 1
a: Renounce Religion, Evoke Blink, Potion Petition, Call Merchant, Bribe Branch


You were on level 9 of the Dungeon.
You worshipped Gozag.
Gozag was most pleased with you.
You visited 2 branches of the dungeon, and saw 11 of its levels.

You collected 2048 gold pieces.
You paid 69 gold pieces to Gozag.

Inventory:

Hand Weapons
 s - the +2 long sword "Lawk" (weapon) {vamp, Drain Str+4 Dex+5}
   (You found it on level 6 of the Dungeon)

   Str:       It affects your strength (+4).
   Dex:       It affects your dexterity (+5).
   Drain:     It drains your maximum health when unequipped.
Armour
 e - a scarf of shadows (worn)
 p - a +1 hat (worn)
 v - a +0 pair of gloves (worn)
 D - the +1 leather armour "Zeshiedura" (worn) {+Blink rElec Regen+ MP+9}
   (You found it on level 7 of the Dungeon)

   rElec:     It insulates you from electricity.
   MP:        It affects your magic capacity (+9).
   +Blink:    It lets you blink.
   Regen:     It increases your rate of health regeneration.
Jewellery
 n - an amulet of regeneration (around neck)
Wands
 g - a wand of quicksilver (7)
 u - a wand of flame (23)
 w - a wand of digging (12)
 A - a wand of iceblast (15)
Scrolls
 a - a scroll of fog {unknown}
 f - 3 scrolls of fear
 i - 8 scrolls of teleportation
 j - a scroll of magic mapping {unknown}
 k - 3 scrolls of blinking
 o - 2 scrolls of enchant armour
 r - a scroll of silence {unknown}
 t - 3 scrolls of immolation
 B - 2 scrolls of enchant weapon
Potions
 b - a potion of magic
 c - 3 potions of haste {unknown}
 d - 3 potions of curing
 h - 2 potions of mutation {unknown}
 l - a potion of might {unknown}
 m - 2 potions of attraction {unknown}
 q - 4 potions of ambrosia {unknown}
 x - 2 potions of lignification {unknown}
 z - a potion of degeneration {unknown}
 E - a potion of heal wounds {unknown}
 F - a potion of flight {unknown}
Miscellaneous
 C - a phantom mirror


   Skills:
 * Level 6.4 Fighting
 + Level 7.1 Dodging
 - Level 1.5 Stealth
 + Level 10.5 Spellcasting
 + Level 6.8 Evocations


You had 5 spell levels left.
You knew the following spells:

 Your Spells              Type           Power      Damage    Failure   Level
a - Foxfire               Conj/Fire      100%       2x1d9     1%          1
b - Scorch                Fire           100%       2d10      1%          2
c - Kindle Blastsparks    Fire/Tloc/Air  100%       2d18      1%          3
d - Inner Flame           Hex/Fire       55%        N/A       1%          3
e - Flame Wave            Conj/Fire      55%        2d13      1%          4
f - Summon Small Mammal   Summ           100%       N/A       1%          1
g - Static Discharge      Conj/Air       100%       2-7/arc   1%          2
h - Call Imp              Summ           55%        N/A       1%          2
i - Passage of Golubria   Tloc           55%        N/A       1%          4
j - Airstrike             Air            27%        2d(4-20)  1%          4
Your spell library was empty.

Dungeon Overview and Level Annotations

Branches:
Dungeon (10/15)            Temple (1/1) D:4            Lair (0/5) D:9
    Orc (0/2) D:9

Altars:
Dithmenos
Fedhas
Gozag
Hepliaklqana
Makhleb
Nemelex Xobeh
Okawaru
Ru
Trog
Wu Jian
Yredelemnul
Zin
The Shining One

Shops:
D:7 (   D:9 [   D:10 (

Annotations:
D:6 4 runed translucent doors


Innate Abilities, Weirdness & Mutations

You are immune to sickness and miasma.
You are immune to poison.
Your flesh is very heat resistant. (rF++)
You are vulnerable to cold. (rC-)
You float through the air rather than walking.
You learn spells naturally, not from books.
Your magical power is your life essence.
You have superior vitality. (+4 MHP)


Message History

The wizard gestures wildly while chanting.
The wizard blinks!
The skeletal warrior attacks as you move away!
The skeletal warrior barely misses you.
The skeletal warrior attacks as you move away!
The skeletal warrior hits you but does no damage.
The skeletal warrior attacks as you move away!
The skeletal warrior barely misses you.
The centaur warrior wields a +0 shortbow.
The centaur warrior shoots an arrow.
The arrow hits you!
The skeletal warrior attacks as you move away!
The skeletal warrior completely misses you.
The skeletal warrior attacks as you move away!
The skeletal warrior hits you with a +0 hand axe of flaming!
The skeletal warrior attacks as you move away!
The skeletal warrior hits you with a +0 hand axe of flaming!!
The skeletal warrior burns you.
The skeletal warrior attacks as you move away!
The skeletal warrior hits you with a +0 hand axe of flaming.
The skeletal warrior burns you.
The skeletal warrior attacks as you move away!
The skeletal warrior closely misses you.
There is a stone staircase leading up here.
The centaur warrior shoots an arrow.
The arrow completely misses you.
The skeletal warrior hits you with a +0 hand axe of flaming!!
The centaur warrior shoots an arrow.
The arrow hits you!
* * * LOW HITPOINT WARNING * * *
You fly upwards.
There is a stone staircase leading down here.
You need no library to learn spells.
Unknown command.
Unknown command.
Casting: Scorch (safe; 1% risk of failure)
Confirm with . or Enter, or press ? or * to list all spells.
Aiming: Passage of Golubria (dangerous; 1% risk of failure)
Press: ? - help, Dir - move target
* * * LOW HITPOINT WARNING * * *
The skeletal warrior hits you with a +0 hand axe of flaming!!
You die...
Your body crumbles into a pile of gold.

########.########....####
########...........###
#...................#
..#########.........# ###
##..^...<.# #........#
#..^.....# #.....z..#
#....@...# #........#
##########


You could see a skeletal warrior.

Vanquished Creatures
  An ogre mage (D:10)
  4 two-headed ogres (D:10)
  Maurice (D:8)
  4 trolls
  2 wyverns
  4 yaks
  A steam dragon (D:9)
  Edmund (D:6)
  A water moccasin (D:5)
  3 orc warriors
  3 ice beasts
  A sky beast (D:8)
  2 wolves (D:9)
  5 ogres
  4 centaurs
  2 kobold brigands (D:7)
  A phantom (D:6)
  A necrophage (D:7)
  2 bullfrogs
  2 scorpions
  8 wights
  An electric eel (D:9)
  A howler monkey (D:6)
  A crimson imp (D:4)
  7 hounds
  3 jellies
  2 orc priests
  5 iguanas
  11 orc wizards
  7 gnolls
  8 adders
  A shadow imp (D:5)
  2 white imps
  An ufetubus (D:6)
  2 dart slugs (D:2)
  22 orcs
  9 endoplasms
  3 giant cockroaches
  6 goblins
  5 hobgoblins
  7 jackals
  23 kobolds
  6 quokkas
  3 ball pythons
  7 bats
  2 rats
198 creatures vanquished.

Vanquished Creatures (collateral kills)
  3 foxfires (D:7)
3 creatures vanquished.

Vanquished Creatures (others)
  926 foxfires
926 creatures vanquished.

Grand Total: 1127 creatures vanquished

Notes
Turn   | Place    | Note
-------+----------+-------------------------------------------
     0 | D:1      | Crownlay the Djinni Fire Elementalist began the quest for
                  | the Orb.
     0 | D:1      | Crownlay set off with the following spells memorised:
                  | Foxfire, Scorch, Kindle Blastsparks, Inner Flame, Flame
                  | Wave.
     0 | D:1      | Reached XP level 1. HP: 15/15 MP: 0/0
   168 | D:1      | Reached XP level 2. HP: 17/21 MP: 0/0
   509 | D:1      | Reached skill level 3 in Spellcasting
   601 | D:1      | Found a faded altar of an unknown god.
   851 | D:2      | You are sucked into a shaft and drop 2 floors!
   908 | D:4      | Found a staircase to the Ecumenical Temple.
   916 | Temple   | Entered the Ecumenical Temple
   919 | Temple   | Became a worshipper of Gozag Ym Sagoz the Greedy
   967 | D:3      | Reached XP level 3. HP: 24/25 MP: 0/0
   967 | D:3      | Learned a level 1 spell: Summon Small Mammal
  1362 | D:2      | Reached XP level 4. HP: 31/31 MP: 0/0
  2238 | D:4      | Noticed an ogre
  2245 | D:4      | Killed an ogre
  2246 | D:4      | Reached skill level 4 in Spellcasting
  2246 | D:4      | Reached XP level 5. HP: 35/35 MP: 0/0
  2246 | D:4      | Learned a level 2 spell: Static Discharge
  2355 | D:4      | Noticed an ogre
  2359 | D:4      | Killed an ogre
  2360 | D:4      | Reached XP level 6. HP: 38/40 MP: 0/0
  2555 | D:4      | Found a large runed translucent door.
  2563 | D:4      | Found a large runed translucent door.
  2958 | D:4      | Noticed an ogre
  2963 | D:4      | Killed an ogre
  2964 | D:4      | Reached skill level 5 in Spellcasting
  2964 | D:4      | Reached XP level 7. HP: 45/45 MP: 0/0
  2964 | D:4      | Learned a level 2 spell: Call Imp
  2977 | D:4      | Found a bloodstained altar of Trog.
  3015 | D:5      | Entered Level 5 of the Dungeon
  3209 | D:5      | Noticed a water moccasin
  3216 | D:5      | Killed a water moccasin
  3309 | D:5      | Reached skill level 5 in Dodging
  3319 | D:5      | Reached XP level 8. HP: 49/50 MP: 0/0
  3321 | D:5      | Reached skill level 6 in Spellcasting
  4040 | D:6      | Noticed Edmund
  4049 | D:5      | Reached skill level 7 in Spellcasting
  4197 | D:6      | Killed Edmund
  4278 | D:6      | Found a large runed translucent door.
  4279 | D:6      | Found a large runed translucent door.
  4282 | D:6      | Noticed a vampire
  4286 | D:6      | Found a large runed translucent door.
  4286 | D:6      | Found a large runed translucent door.
  4332 | D:6      | Reached XP level 9. HP: 32/55 MP: 0/0
  4332 | D:6      | Learned a level 4 spell: Passage of Golubria
  4369 | D:6      | Identified the +2 long sword "Lawk" {vamp, Drain Str+4
                  | Dex+5}
  4451 | D:6      | Reached skill level 8 in Spellcasting
  4569 | D:6      | Upgraded the game from 0.30-a0-715-gdb4ae3ece1 to
                  | 0.30-a0-718-geaa24f58ff
  4783 | D:6      | Reached skill level 1 in Evocations
  4956 | D:7      | Found a blossoming altar of Fedhas.
  4968 | D:7      | Identified the +1 leather armour "Zeshiedura" {+Blink rElec
                  | Regen+ MP+9}
  5055 | D:7      | Reached skill level 9 in Spellcasting
  5293 | D:7      | Found Itinkat's Weapon Shoppe.
  5333 | D:7      | Reached XP level 10. HP: 60/60 MP: 0/0
  5870 | D:8      | Noticed Maurice
  5883 | D:8      | Killed Maurice
  5884 | D:8      | Reached skill level 10 in Spellcasting
  6090 | D:8      | Reached skill level 5 in Evocations
  6108 | D:8      | Found a glowing silver altar of Zin.
  6522 | D:9      | Reached skill level 1 in Fighting
  6548 | D:9      | Found a staircase to the Orcish Mines.
  6657 | D:9      | Found a staircase to the Lair.
  6674 | D:9      | Found Boekod's Armour Boutique.
  7119 | D:10     | Entered Level 10 of the Dungeon
  7135 | D:10     | Noticed a two-headed ogre
  7136 | D:10     | Noticed an ogre mage
  7144 | D:10     | Noticed a two-headed ogre
  7145 | D:10     | Killed an ogre mage
  7146 | D:10     | Reached XP level 11. HP: 74/74 MP: 0/0
  7146 | D:10     | Learned a level 4 spell: Airstrike
  7149 | D:10     | Killed a two-headed ogre
  7153 | D:10     | Killed a two-headed ogre
  7154 | D:10     | Reached skill level 5 in Fighting
  7194 | D:10     | Noticed a two-headed ogre
  7214 | D:10     | HP: 1/76 [troll (10)]
  7264 | D:10     | HP: 1/76 [two-headed ogre/+0 giant spiked club (16)]
  7307 | D:10     | Killed a two-headed ogre
  7383 | D:10     | Found Nadoshril's Antique Weapon Emporium.
  7502 | D:10     | Noticed a two-headed ogre
  7508 | D:10     | Killed a two-headed ogre
  7579 | D:10     | Noticed a wizard
  7579 | D:10     | Noticed a skeletal warrior
  7579 | D:10     | Noticed a centaur warrior
  7605 | D:9      | Slain by a skeletal warrior

Illustrated notes

Levels and vault maps discovered:
D:1:      wheals_arrival_shading, layout_basic,
          hellmonk_ecumenical_altar_leap_of_faith
D:2:      layout_rooms
D:3:      layout_basic
D:4:      layout_loops_ring, jmf_multi_god_temple2, minmay_temple_entry_grid,
          minmay_fire_ice_demons
D:5:      layout_gridville
D:6:      layout_cave_pools, minmay_hollow_rounded_squares, uniq_edmund
D:7:      layout_loops_ring, fedhas_altar_1, serial_shops, kennysheep_mini,
          eino_small_chamber_without_monster
D:8:      layout_basic, mainiacjoe_overflow_24_doors,
          nicolae_straight_to_the_point, uniq_maurice
D:9:      layout_rooms, erik_lair_island, serial_shops, nicolae_diamond_shop,
          minmay_misc_feat_more_columns
D:10:     minmay_sliced_demisemicircle, layout_basic, serial_shops, shop_statue,
          shop, hangedman_incinerator
Temple:   dpeg_three_leaves_temple

Skill      XL: |  1  2  3  4  5  6  7  8  9 10 11 |
---------------+----------------------------------+-----
Spellcasting   | 3 4 5 7 9 10 | 10.5
Dodging        | 3 4 5 6 7 |  7.1
Evocations     | 3 6 |  6.8
Fighting       | 4 6 |  6.4
Stealth        | |  1.5

Action                     |  1- 3 |  4- 6 |  7- 9 | 10-12 || total
---------------------------+-------+-------+-------+-------++-------
  Melee: Dagger            |     2 |    47 |    22 |       ||    71
         Punch             |       |     1 |       |       ||     1
         Long sword        |       |       |    19 |    12 ||    31
   Cast: Foxfire           |   121 |   107 |   196 |   165 ||   589
         Scorch            |       |     2 |    27 |    22 ||    51
         Summon Small Mamm |       |     1 |       |       ||     1
         Flame Wave        |       |       |     6 |    10 ||    16
         Passage of Golubr |       |       |     1 |     1 ||     2
         Call Imp          |       |       |       |     1 ||     1
         Inner Flame       |       |       |       |     4 ||     4
         Airstrike         |       |       |       |     2 ||     2
    Use: Scroll            |       |     1 |     5 |     7 ||    13
         Potion            |       |       |       |     1 ||     1
 Armour: Robe              |     1 |    13 |    10 |       ||    24
         Leather armour    |       |       |     3 |    17 ||    20
  Dodge: Dodged            |     3 |    45 |    82 |    73 ||   203

Table legend: (Time is in decaauts)
 A = Elapsed time spent in this place.
 B = Non-inter-level travel time spent in this place.
 C = Inter-level travel time spent in this place.
 D = Time resting spent in this place.
 E = Time spent auto-exploring this place.
 F = Levels seen in this place.
 G = Mean time per level.
                   A        B        C        D        E       F      G
               +--------+--------+--------+--------+--------+-----+--------+
         Total |   7616 |   7386 |    230 |      0 |   5926 |  11 |  692.4 |
       Dungeon |   7609 |   7379 |    230 |      0 |   5926 |  10 |  760.9 |
        Temple |      6 |      6 |      0 |      0 |      0 |   1 |    6.0 |
               +--------+--------+--------+--------+--------+-----+--------+

Top non-repeatable levels by time:
     D:5: 1099 daAuts
     D:4: 890 daAuts
     D:8: 844 daAuts
     D:1: 841 daAuts
     D:6: 813 daAuts
     D:3: 773 daAuts
     D:7: 747 daAuts
     D:9: 674 daAuts
     D:2: 500 daAuts
    D:10: 423 daAuts
  Temple: 6 daAuts
